 Dungeon Crawl Stone Soup version 0.32-a0-630-g46d191b0ed (webtiles) character file.

Game seed: 18153699529425937804

3204 dialectric the Trooper (level 9, -6/71 HPs)
             Began as a Coglin Shapeshifter on Mar 6, 2024.
             Mangled by a vampire mosquito (9 damage)
             ... on level 7 of the Dungeon.
             The game lasted 00:09:17 (7255 turns).

dialectric the Trooper (Coglin Shapeshifter)        Turns: 7255, Time: 00:09:18

Health: -6/71      AC:  7    Str: 17    XL:     9   Next: 96%
Magic:  9/9        EV: 13    Int: 10    God:
Gold:   289        SH:  0    Dex: 15    Spells: 5/8 levels left

rFire   + . .        C - +0 trident (heavy) {Ai}
rCold   . . .        F - +2 rapier (venom) {Eiko}
rNeg    . . .        I - +0 ring mail {rF+}
rPois   .            (helmet currently unavailable)
rElec   .            (cloak currently unavailable)
rCorr   .            (gloves currently unavailable)
SInv    .            (boots currently unavailable)
Will    .....        (amulet unavailable)
Stlth   +            (ring unavailable)
HPRegen 0.31/turn    (ring unavailable)
MPRegen 0.11/turn    (no gizmo)

%: no passive effects
@: beast-form, hasted, very quick
A: beast (slay +3), off-hand wielding, slow wielding, warmup strikes, no
jewellery, horns 1, iridescent scales 1
a: Invent Gizmo, Begin Untransformation


You were on level 7 of the Dungeon.
You were a hulking beast.
You visited 1 branch of the dungeon, and saw 7 of its levels.

You collected 289 gold pieces.

Inventory:

Hand Weapons
 b - a +3 quarterstaff of chaos
 f - a +0 war axe {Gaius}
 j - a +1 whip of freezing
 l - a +0 short sword {Rubén}
 q - a +3 dagger {Lucia}
 C - a +0 heavy trident (weapon) {Ai}
 F - a +2 rapier of venom (offhand) {Eiko}
Missiles
 v - 3 curare-tipped darts (quivered)
Armour
 a - a +0 animal skin
 m - a +0 hat
 u - a +0 cloak
 w - a +0 pair of gloves
 A - a +0 ring mail
 B - a +0 pair of boots
 I - a +0 ring mail of fire resistance (worn)
Talismans
 c - a beast talisman (active)
 d - a flux talisman
Wands
 p - a wand of flame (36)
 D - a wand of digging (7)
Scrolls
 g - 2 scrolls of fog
 h - a scroll of vulnerability {unknown}
 i - a scroll of amnesia {unknown}
 k - a scroll of fear {unknown}
 n - 2 scrolls of revelation {unknown}
 r - a scroll of torment {unknown}
 s - 2 scrolls of blinking {unknown}
 x - 3 scrolls of identify
 y - a scroll of summoning {unknown}
 E - a scroll of teleportation {unknown}
 G - a scroll of poison
 H - a scroll of enchant armour {unknown}
Potions
 e - 2 potions of curing
 o - 3 potions of haste
 t - a potion of brilliance
 z - a potion of mutation
 J - a potion of might {unknown}


   Skills:
 + Level 6.6 Fighting
 - Level 3.0 Short Blades
 + Level 3.6 Polearms
 + Level 3.8 Armour
 + Level 5.4 Dodging
 - Level 5.1 Unarmed Combat
 * Level 5.6 Shapeshifting


You had 5 spell levels left.
You knew the following spells:

 Your Spells              Type           Power      Damage    Failure   Level
a - Swiftness             Air            0%         N/A       89%         3

Your spell library contained the following spells:

 Spells                   Type           Power      Damage    Failure   Level
 Necrotise                Necr           0%         1d4       54%         1
 Sandblast                Erth           0%         2d4       54%         1
 Shock                    Conj/Air       0%         1d3       54%         1
 Sublimation of Blood     Necr           0%         N/A       69%         2
 Dazzling Flash           Conj/Hex       0%         N/A       89%         3
 Passwall                 Erth           0%         N/A       89%         3
 Stone Arrow              Conj/Erth      0%         3d7       89%         3
 Vampiric Draining        Necr           0%         2d6       89%         3
 Volatile Blastmotes      Fire/Tloc      0%         2d10      89%         3
 Airstrike                Air            0%         2d(0-16)  100%        4
 Brom's Barrelling Bould  Conj/Erth      0%         2d3       100%        4
 Martyr's Knell           Necr/Summ      0%         N/A       100%        4
 Petrify                  Alch/Erth      0%         N/A       100%        4
 Curse of Agony           Necr           0%         N/A       100%        5
 Irradiate                Conj/Alch      0%         3d11      100%        5
 Sculpt Simulacrum        Ice/Alch       0%         N/A       100%        6
 Starburst                Conj/Fire      0%         6d3       100%        6
 Ozocubu's Refrigeration  Ice            0%         4d7       100%        7
 Maxwell's Capacitive Co  Air            0%         ∞         100%        8
 Polar Vortex             Ice            0%         N/A       100%        9


Dungeon Overview and Level Annotations

Branches:
Dungeon (7/15)             Temple (0/1) D:7

Altars:
Elyvilon
Fedhas
Yredelemnul
Zin

Annotations:
D:4 1 runed translucent door, souperman1983's ghost, amateur DrHu


Innate Abilities, Weirdness & Mutations

You are a hulking beast.
Your limbs bulge with bestial killing power. (Slay +3)
You can wield a second weapon in your off-hand.
It takes a long time for you to wield or remove held weapons.
Your first few attacks do less damage.
You cannot equip rings or amulets.
You have a pair of small horns on your head.
You are partially covered in iridescent scales. (AC +2)


Message History

The vampire mosquito bites you!
The vampire mosquito draws strength from your injuries!
The vampire mosquito bites you!
The vampire mosquito draws strength from your injuries!
You feel better. The vampire mosquito barely misses you.
The vampire mosquito bites you!
The vampire mosquito draws strength from your injuries!
You hit the vampire mosquito with your +2 rapier of venom.
The vampire mosquito is lightly damaged.
You puncture the vampire mosquito with your +0 heavy trident!
The vampire mosquito bites you.
* * * LOW HITPOINT WARNING * * *
The vampire mosquito draws strength from your injuries!
The vampire mosquito bites you!
* * * LOW HITPOINT WARNING * * *
The vampire mosquito draws strength from your injuries!
The vampire mosquito closely misses you.
Okay, then.
Okay, then.
You feel yourself speed up.
The vampire mosquito bites you but does no damage.
The vampire mosquito closely misses you.
The vampire mosquito attacks as it pursues you!
The vampire mosquito bites you but does no damage.
The vampire mosquito attacks as it pursues you!
The vampire mosquito misses you.
The vampire mosquito attacks as it pursues you!
The vampire mosquito bites you!
* * * LOW HITPOINT WARNING * * *
The vampire mosquito draws strength from your injuries!
The vampire mosquito attacks as it pursues you!
The vampire mosquito bites you.
* * * LOW HITPOINT WARNING * * *
The vampire mosquito draws strength from your injuries!
You feel better. The vampire mosquito misses you.
The vampire mosquito bites you!
* * * LOW HITPOINT WARNING * * *
The vampire mosquito draws strength from your injuries!
The vampire mosquito bites you!
You die...

#. .... #............ #..
... ###.######### ##.#
###.# #.# #.... ...# #.#
.....###..# #.##
..........# #.y#
..........#########.#
.........#.......##y#
.....###..###...hy#.#
#.........# #....y.y#
##........# #.....### #
#.#######.####...#####
#.#.
####...#######...##.....
###.......†...##.#......#
#.....#...#...##...###
#.#...#.⌠.#..........# .
#.###...###..##.##.#


You could see 3 vampire mosquitoes.

Vanquished Creatures
  Pikel (D:4)
  Prince Ribbit (D:5)
  Sigmund (D:6)
  5 yaks
  Edmund (D:6)
  A water moccasin (D:7)
  2 sky beasts (D:6)
  An ogre (D:5)
  A phantom (D:3)
  Blork the orc (D:4)
  4 scorpions
  3 wights (D:6)
  3 bombardier beetles
  5 hounds
  Crazy Yiuf (D:2)
  An orc priest (D:5)
  A jelly (D:5)
  6 iguanas
  An orc wizard (D:5)
  12 adders
  3 dart slugs
  2 ribbon worms
  10 orcs
  6 ball pythons
  7 endoplasms
  5 giant cockroaches
  9 goblins
  5 hobgoblins
  6 kobolds
  A quokka (D:3)
  9 bats
  4 frilled lizards
  7 rats
126 creatures vanquished.

Notes
Turn   | Place    | Note
-------+----------+-------------------------------------------
     0 | D:1      | dialectric the Coglin Shapeshifter began the quest for the
                  | Orb.
     0 | D:1      | Reached XP level 1. HP: 15/15 MP: 1/1
   187 | D:1      | Reached XP level 2. HP: 19/21 MP: 2/2
   442 | D:1      | Found a faded altar of an unknown god.
  1355 | D:2      | Reached XP level 3. HP: 21/26 MP: 3/3
  1444 | D:2      | Found a runed translucent door.
  1445 | D:2      | Noticed Crazy Yiuf
  1714 | D:2      | Reached XP level 4. HP: 32/33 MP: 4/4
  1738 | D:2      | Reached skill level 2 in Fighting
  2236 | D:2      | Killed Crazy Yiuf
  2377 | D:3      | Reached XP level 5. HP: 38/38 MP: 5/5
  2398 | D:3      | Noticed a phantom
  2415 | D:3      | Killed a phantom
  2559 | D:3      | Gained mutation: You are partially covered in iridescent
                  | scales. (AC +2) [potion of mutation]
  2559 | D:3      | Gained mutation: You have a pair of small horns on your
                  | head. [potion of mutation]
  2567 | D:3      | Found a blossoming altar of Fedhas.
  2842 | D:3      | Reached XP level 6. HP: 46/46 MP: 6/6
  3139 | D:3      | Reached skill level 3 in Fighting
  3325 | D:4      | Noticed Pikel
  3412 | D:4      | Found a runed translucent door.
  3428 | D:4      | Noticed souperman1983's ghost (amateur DrHu)
  3730 | D:4      | Killed Pikel
  3731 | D:4      | Reached skill level 4 in Fighting
  3731 | D:4      | Reached XP level 7. HP: 28/54 MP: 7/7
  3807 | D:4      | Noticed Blork the orc
  3813 | D:4      | Killed Blork the orc
  3814 | D:4      | Reached XP level 8. HP: 41/60 MP: 8/8
  4027 | D:4      | Found a basalt altar of Yredelemnul.
  4119 | D:4      | Reached skill level 5 in Unarmed Combat
  4404 | D:4      | Found a white marble altar of Elyvilon.
  4741 | D:5      | Entered Level 5 of the Dungeon
  5063 | D:5      | Learned a level 3 spell: Swiftness
  5336 | D:5      | Noticed Prince Ribbit
  5347 | D:5      | Killed Prince Ribbit
  5348 | D:5      | Reached skill level 5 in Fighting
  5348 | D:5      | Reached skill level 1 in Armour
  5348 | D:5      | Reached skill level 5 in Dodging
  5348 | D:5      | Reached skill level 5 in Shapeshifting
  5546 | D:5      | Reached skill level 1 in Polearms
  6086 | D:6      | Noticed Sigmund
  6108 | D:6      | Noticed Edmund
  6114 | D:6      | Reached XP level 9. HP: 66/68 MP: 9/9
  6119 | D:6      | Killed Edmund
  6120 | D:6      | Reached skill level 1 in Short Blades
  6386 | D:5      | Reached skill level 6 in Fighting
  6686 | D:6      | Killed Sigmund
  6693 | D:6      | Found a glowing silver altar of Zin.
  7151 | D:7      | Found a staircase to the Ecumenical Temple.
  7254 | D:7      | HP: 2/71 [vampire mosquito (10)]
  7255 | D:7      | Mangled by a vampire mosquito

Illustrated notes

Levels and vault maps discovered:
D:1:      psy_arrival_radial01, layout_basic, dreamdust_ecumenical_altar_grove
D:2:      layout_basic, serial_forest, infiniplex_forest_clump_tiny,
          infiniplex_forest_end_2, infiniplex_forest_straight_3,
          infiniplex_forest_straight_3, infiniplex_forest_straight_1,
          uniq_crazy_yiuf_cottage
D:3:      layout_basic, fedhas_altar_1, serial_glass, glass_columns_b,
          glass_columns_a, minivault_11
D:4:      layout_layer_cave, kennysheep_ying_yang,
          hellmonk_ghost_happy_afterlife, minmay_starry_boxes,
          uniq_blork_the_orc, uniq_pikel
D:5:      kennysheep_six_static_rooms, layout_gridville, uniq_prince_ribbit1
D:6:      layout_gridville, zin_treasury, minmay_misc_feat_encased, uniq_edmund,
          uniq_sigmund
D:7:      layout_loops_cross, nicolae_wu_jian_glorious_leap,
          minmay_temple_entry_junction_2, ebering_ghost_rock_garden,
          chequers_hall_statues_wall_a

Skill      XL: |  1  2  3  4  5  6  7  8  9 |
---------------+----------------------------+-----
Dodging        | 2 3 4 5 |  5.4
Unarmed Combat | 3 4 5 |  5.1
Shapeshifting  | 3 4 5 |  5.6
Fighting       | 2 4 5 6 |  6.6
Armour         | 2 3 |  3.8
Polearms       | 1 3 |  3.6
Short Blades   | 3 |  3.0

Action                     |  1- 3 |  4- 6 |  7- 9 || total
---------------------------+-------+-------+-------++-------
  Melee: Unarmed           |     9 |       |       ||     9
         War axe           |    60 |    67 |    32 ||   159
         Short sword       |    16 |     5 |       ||    21
         Dagger            |       |    67 |    44 ||   111
         Headbutt          |       |     9 |    35 ||    44
         Trident           |       |       |    85 ||    85
         Rapier            |       |       |    69 ||    69
  Throw: Dart              |       |     3 |    17 ||    20
  Evoke: Wand              |       |     2 |     4 ||     6
    Use: Potion            |       |     3 |     4 ||     7
         Scroll            |       |     5 |     2 ||     7
   Stab: Sleeping          |     1 |     1 |     1 ||     3
 Armour: Animal skin       |    47 |    56 |     9 ||   112
         Skin              |       |     6 |       ||     6
         Ring mail         |       |       |    99 ||    99
  Dodge: Dodged            |    40 |    75 |   102 ||   217

Table legend: (Time is in decaauts)
 A = Elapsed time spent in this place.
 B = Non-inter-level travel time spent in this place.
 C = Inter-level travel time spent in this place.
 D = Time resting spent in this place.
 E = Time spent auto-exploring this place.
 F = Levels seen in this place.
 G = Mean time per level.
                   A        B        C        D        E       F      G
               +--------+--------+--------+--------+--------+-----+--------+
         Total |   7317 |   7019 |    298 |    657 |   5013 |   7 | 1045.3 |
       Dungeon |   7317 |   7019 |    298 |    657 |   5013 |   7 | 1045.3 |
               +--------+--------+--------+--------+--------+-----+--------+

Top non-repeatable levels by time:
     D:4: 1662 daAuts
     D:5: 1625 daAuts
     D:1: 1367 daAuts
     D:2: 1012 daAuts
     D:3: 850 daAuts
     D:6: 685 daAuts
     D:7: 114 daAuts
